 Dungeon Crawl Stone Soup version 0.20-a0-502-g555d78b (webtiles) character file.

165 Yakui the Covered (level 5, -8/63 HPs)
             Began as a Barachian Fighter on Jan 18, 2017.
             Mangled by Pikel
             ... wielding a +2 whip of electrocution
              (19 damage)
             ... on level 4 of the Dungeon on Jan 20, 2017.
             The game lasted 00:09:10 (2797 turns).

Yakui the Covered (Barachian Fighter)               Turns: 2797, Time: 00:09:11

Health: -8/63      AC: 22    Str: 19    XL:     5   Next: 46%
Magic:  5/5        EV:  2    Int:  6    God:
Gold:   160        SH:  0    Dex: 12    Spells: 4/4 levels left

rFire    . . .     SeeInvis .   a - +0 long sword
rCold    . . .     Gourm    .   (armour currently unavailable)
rNeg     + + +     Faith    .   (no shield)
rPois    +         Spirit   .   (helmet currently unavailable)
rElec    .         Reflect  .   (cloak currently unavailable)
rCorr    .         Harm     .   (gloves currently unavailable)
MR       .....     NoTele   +   (boots currently unavailable)
Stlth    +.........             (no amulet)
Regen    0.2/turn               D - +4 ring of evasion
                                y - +4 ring of evasion

@: mighty, tree-form
A: swims, (slowness 0), (strong legs 0)
a: no special abilities


You were on level 4 of the Dungeon.
You were not hungry.
You were a tree.
You visited 1 branch of the dungeon, and saw 4 of its levels.

You collected 160 gold pieces.

Inventory:

Hand Weapons
 a - a +0 long sword (weapon)
Armour
 g - a +1 helmet (melded)
 i - a +0 cloak (melded)
 F - a +0 chain mail (melded)
Jewellery
 y - a +4 ring of evasion (left branch)
 D - a +4 ring of evasion (right branch)
Wands
 u - a wand of disintegration (21/24)
Scrolls
 c - a scroll of enchant armour
 k - 3 scrolls of teleportation
 q - a scroll of blinking
 A - a scroll of remove curse
Potions
 j - a potion of invisibility
 l - a potion of haste {unknown}
 m - a potion of mutation {unknown}
 o - a potion of flight {unknown}
 r - a potion of ambrosia {unknown}
 B - a potion of curing
Books
 w - a book of Maledictions

   Spells                             Type                      Level
   a - Corona                         Hexes                        1
   b - Ensorcelled Hibernation        Hexes/Ice                    2
   c - Confuse                        Hexes                        3
   d - Tukima's Dance                 Hexes                        3
   e - Dazzling Spray                 Conjuration/Hexes            3
Comestibles
 b - a chunk of flesh
 f - 3 bread rations
 t - 2 meat rations
 C - 5 fruits


   Skills:
 + Level 4.0 Fighting
 * Level 4.1 Long Blades
 + Level 4.4 Armour
 + Level 1.6 Dodging
 - Level 0.4 Stealth
   Level 3.0 Shields


You had 4 spell levels left.
You didn't know any spells.

Dungeon Overview and Level Annotations

Branches:
Dungeon (4/15)
 Temple: D:4-7

Altars:

Annotations:
D:4 Pikel


Innate Abilities, Weirdness & Mutations

You can swim through water.
((You cover ground slowly.))
((You can hop short distances.))


Message History

Pikel is lightly wounded.
Pikel hits you but does no damage.
You closely miss Pikel.
Pikel is lightly wounded.
Pikel says, "I'm sure they'll be treated well, anyway."
Pikel hits you with a whip of electrocution.
You hit Pikel.
Pikel is moderately wounded.
Pikel hits you but does no damage.
You barely miss Pikel.
Pikel is moderately wounded.
Pikel hits you but does no damage.
You are electrocuted!
* * * LOW HITPOINT WARNING * * *
You cannot teleport because you are held in place by your roots.
You feel very mighty all of a sudden. Pikel hits you but does no damage.
You hit Pikel.
Pikel is moderately wounded.
Pikel hits you but does no damage. x2; You are electrocuted!
You die...

... ...
$.## ...
p. # .#
#.##.###p#
#.....♣Kp#
####.#####
#


You could see Pikel and 2 slaves.

Vanquished Creatures
  A slave (D:3)
  An orc wizard (D:3)
  2 gnolls (D:3)
  A howler monkey skeleton (D:3)
  3 adders (D:2)
  An ooze (D:1)
  A worm (D:2)
  2 dart slugs (D:1)
  A leopard gecko (D:2)
  4 orcs (D:3)
  3 giant cockroaches
  5 goblins
  5 hobgoblins
  4 jackals (D:2)
  9 kobolds
  2 quokkas (D:2)
  10 bats
  6 frilled lizards
  10 rats
71 creatures vanquished.

Notes
Turn   | Place    | Note
-------+----------+-------------------------------------------
     0 | D:1      | Yakui the Barachian Fighter began the quest for the Orb.
     0 | D:1      | Reached XP level 1. HP: 18/18 MP: 1/1
   152 | D:1      | Reached XP level 2. HP: 14/24 MP: 2/2
   332 | D:1      | Upgraded the game from 0.20-a0-495-g2241292 to 0.20-a0-502-g555d78b
   519 | D:1      | Reached XP level 3. HP: 27/29 MP: 3/3
   811 | D:2      | Reached skill level 1 in Dodging
  1071 | D:2      | Reached XP level 4. HP: 33/36 MP: 4/4
  2020 | D:3      | Reached XP level 5. HP: 16/42 MP: 5/5
  2516 | D:4      | Noticed a slave
  2516 | D:4      | Noticed a slave
  2519 | D:4      | Noticed Pikel
  2519 | D:4      | Noticed a slave
  2520 | D:4      | Noticed a slave
  2589 | D:3      | Killed a slave
  2797 | D:4      | Mangled by Pikel

Vault maps used:
D:1:      dpeg_arrival_renting, minivault_11
D:2:      st_stairs_13
D:3:      cheibrodos_helix_gallery
D:4:      uniq_pikel

Skill      XL: |  1  2  3  4  5 |
---------------+----------------+-----
Long Blades    | 3 4 |  4.1
Dodging        | 1 |  1.6
Armour         | 4 |  4.4
Fighting       | 4 |  4.0
Stealth        | |  0.4
Shields        | |  3.0

Action                   |  1- 3 |  4- 6 || total
-------------------------+-------+-------++-------
Melee: Long sword        |   115 |   131 ||   246
 Abil: Hop               |     1 |       ||     1
  Use: Scroll            |       |    12 ||    12
       Potion            |       |     3 ||     3
  Eat: Chunk             |     1 |     7 ||     8
Armor: Scale mail        |    34 |       ||    34
       Leather armour    |    30 |    41 ||    71
       Skin              |       |    13 ||    13
       Chain mail        |       |    11 ||    11
Dodge: Dodged            |   111 |    89 ||   200
       Rpst.: Long sword |    32 |    35 ||    67
